| TOP OF THE 1ST |
|
Niagara Falls Rapids batting - Pitching for Geneva Red Legs : RHP Thomas Bloemke
|
|
Pitching: RHP Thomas Bloemke
|
|
|
Batting: LHB Luis Robles
|
0-0: Reached on error, E8 (Line Drive, 8LM)
|
|
Batting: RHB David Daniels
|
0-0: Foul Ball, location: 2F 0-1: Ball 1-1: SINGLE (Flyball, 89S) Luis Robles to third Runner from 3rd tries for Home, SAFE, throw by RF to home
|
|
Batting: RHB Junior Ortiz
|
0-0: Foul Ball, location: 2F 0-1: Reached on error, E5 (Groundball, 56S) David Daniels to second
|
|
Batting: RHB Gary Skow
|
0-0: Ball 1-0: Ball 2-0: Ball 3-0: Base on Balls David Daniels to third Junior Ortiz to second
|
|
Batting: LHB Steven Swain
|
0-0: Ball 1-0: Fielders Choice at 2nd, 4-6 (Groundball, 4) David Daniels scores Junior Ortiz to third
|
|
Batting: RHB Harold Drake
|
0-0: Ball 1-0: Ball 2-0: Ball 3-0: Called Strike 3-1: Fielders Choice at 2nd, 6-4 (Groundball, 6) Junior Ortiz scores
|
|
Batting: RHB Joseph Pocoroba
|
0-0: Ball Harold Drake is caught stealing 2nd base 2-4
|
| Top of the 1st over - 3 runs, 1 hit, 2 errors, 0 left on base; Niagara Falls 3 - Geneva 0 |
| BOTTOM OF THE 1ST |
|
Geneva Red Legs batting - Pitching for Niagara Falls Rapids : RHP Jose Rodriguez
|
|
Pitching: RHP Jose Rodriguez
|
|
|
Batting: RHB Raymond Bresnahan
|
0-0: Foul Ball, location: 2F 0-1: Ball 1-1: Called Strike 1-2: Foul Ball, location: 2F 1-2: Fly out, F8 (Flyball, 8RD)
|
|
Batting: RHB Jose Bernhardt
|
0-0: Called Strike 0-1: SINGLE (Flyball, 89S)
|
|
Batting: RHB Adolfo Feliz
|
0-0: Ball 1-0: Foul Ball, location: 2F 1-1: Foul Ball, location: 2F 1-2: Ball 2-2: Foul Ball, location: 2F 2-2: Fly out, F9 (Flyball, 9S)
|
|
Batting: RHB Steve Balboni
|
0-0: Called Strike 0-1: Foul Ball, location: 2F 0-2: Ground out 1-3 (Groundball, 34S)
|
| Bottom of the 1st over - 0 runs, 1 hit, 0 errors, 1 left on base; Niagara Falls 3 - Geneva 0 |
| TOP OF THE 2ND |
|
Niagara Falls Rapids batting - Pitching for Geneva Red Legs : RHP Thomas Bloemke
|
|
Batting: RHB Joseph Pocoroba
|
0-0: Ball 1-0: SINGLE (Line Drive, 6MD)
|
|
Batting: LHB August Juricic
|
0-0: Ball 1-0: Ball 2-0: Foul Ball, location: 2F 2-1: Foul Ball, location: 2F 2-2: Foul Ball, location: 2F 2-2: SINGLE (Line Drive, 3D) Joseph Pocoroba to second
|
|
Batting: SHB Robert Adams
|
0-0: Called Strike 0-1: Foul Ball, location: 2F 0-2: Ball 1-2: DOUBLE (Flyball, 78D) Joseph Pocoroba scores August Juricic to third
|
|
Batting: LHB Luis Robles
|
0-0: Ball 1-0: Ball 2-0: Ball 3-0: Called Strike 3-1: Swinging Strike 3-2: Foul Ball, location: 2F 3-2: Foul Ball, location: 2F 3-2: Base on Balls
|
|
Batting: RHB David Daniels
|
0-0: Ball 1-0: Foul Ball, location: 2F 1-1: Foul Ball, location: 2F 1-2: Foul Ball, location: 2F 1-2: Foul Ball, location: 2F 1-2: Fielders Choice at 2nd, 3-6 (Groundball, 3) August Juricic scores Robert Adams to third
|
|
Batting: RHB Junior Ortiz
|
0-0: Ball 1-0: Called Strike 1-1: Swinging Strike 1-2: Ball 2-2: Fly out, F7 (Flyball, 7S)
|
|
Batting: RHB Gary Skow
|
0-0: Ball 1-0: Ball Wild Pitch! Robert Adams scores David Daniels to second 2-0: Called Strike 2-1: Swinging Strike 2-2: Strikes out swinging
|
| Top of the 2nd over - 3 runs, 3 hits, 0 errors, 1 left on base; Niagara Falls 6 - Geneva 0 |
| BOTTOM OF THE 2ND |
|
Geneva Red Legs batting - Pitching for Niagara Falls Rapids : RHP Jose Rodriguez
|
|
Batting: SHB Kevin Jensen
|
0-0: Ball 1-0: Fly out, F7 (Line Drive, 7)
|
|
Batting: RHB Sean O'Leary
|
0-0: DOUBLE (Line Drive, 3D)
|
|
Batting: RHB Allen Leech
|
0-0: Ball 1-0: Ball 2-0: Swinging Strike 2-1: Foul Ball, location: 2F 2-2: Strikes out swinging
|
|
Batting: RHB Harold Crisp
|
0-0: Ball 1-0: Swinging Strike 1-1: Ball 2-1: Called Strike 2-2: Ball Wild Pitch! Sean O'Leary to third 3-2: Fly out, F2 (Popup, 2RF)
|
| Bottom of the 2nd over - 0 runs, 1 hit, 0 errors, 1 left on base; Niagara Falls 6 - Geneva 0 |
| TOP OF THE 3RD |
|
Niagara Falls Rapids batting - Pitching for Geneva Red Legs : RHP Thomas Bloemke
|
|
Batting: LHB Steven Swain
|
0-0: Ball 1-0: Fly out, F8 (Flyball, 89M)
|
|
Batting: RHB Harold Drake
|
0-0: Ball 1-0: Foul Ball, location: 2F 1-1: Ball 2-1: Ball 3-1: Foul Ball, location: 2F 3-2: Base on Balls
|
|
Batting: RHB Joseph Pocoroba
|
0-0: Called Strike 0-1: Ball Harold Drake steals 2nd base 1-1: Ball 2-1: Ball 3-1: Called Strike Balk! Harold Drake to third 3-2: Foul Ball, location: 2F 3-2: Foul Ball, location: 2F 3-2: Foul Ball, location: 2F 3-2: Foul Ball, location: 2F 3-2: TRIPLE (Line Drive, 8RXD) Harold Drake scores
|
|
Batting: LHB August Juricic
|
0-0: Ground out 4-3 (Groundball, 4) Joseph Pocoroba scores
|
|
Batting: SHB Robert Adams
|
0-0: Called Strike 0-1: Ball 1-1: Swinging Strike 1-2: SINGLE (Groundball, 34D)
|
|
Batting: LHB Luis Robles
|
0-0: Ball 1-0: Foul Ball, location: 2F 1-1: Ball Robert Adams steals 2nd base 2-1: Foul Ball, location: 2F 2-2: Reached on error, E6 (Groundball, 6) Robert Adams to third
|
|
Batting: RHB David Daniels
|
0-0: Called Strike 0-1: Ball 1-1: Ball 2-1: Swinging Strike 2-2: Ball 3-2: Foul Ball, location: 2F 3-2: Ground out 3-1 (Groundball, 34S)
|
| Top of the 3rd over - 2 runs, 2 hits, 1 error, 2 left on base; Niagara Falls 8 - Geneva 0 |
| BOTTOM OF THE 3RD |
|
Geneva Red Legs batting - Pitching for Niagara Falls Rapids : RHP Jose Rodriguez
|
|
Batting: RHB Richard Meltz
|
0-0: Foul Ball, location: 2F 0-1: Foul Ball, location: 2F 0-2: Ball 1-2: Ground out 6-3 (Groundball, 6)
|
|
Batting: RHB Raymond Bresnahan
|
0-0: Ball 1-0: Called Strike 1-1: Foul Ball, location: 2F 1-2: Foul Ball, location: 2F 1-2: Ball 2-2: Fly out, F8 (Flyball, 8RM)
|
|
Batting: RHB Jose Bernhardt
|
0-0: Fly out, F7 (Flyball, 78S)
|
| Bottom of the 3rd over - 0 runs, 0 hits, 0 errors, 0 left on base; Niagara Falls 8 - Geneva 0 |
| TOP OF THE 4TH |
|
Niagara Falls Rapids batting - Pitching for Geneva Red Legs : RHP Thomas Bloemke
|
|
Batting: RHB Junior Ortiz
|
0-0: Foul Ball, location: 2F 0-1: Foul Ball, location: 2F 0-2: Ball 1-2: Ground out 4-3 (Groundball, 4)
|
|
Batting: RHB Gary Skow
|
0-0: Called Strike 0-1: Ball 1-1: Fly out, F8 (Line Drive, 8RD)
|
|
Batting: LHB Steven Swain
|
0-0: Ball 1-0: Fly out, F1 (Line Drive, P)
|
| Top of the 4th over - 0 runs, 0 hits, 0 errors, 0 left on base; Niagara Falls 8 - Geneva 0 |
| BOTTOM OF THE 4TH |
|
Geneva Red Legs batting - Pitching for Niagara Falls Rapids : RHP Jose Rodriguez
|
|
Batting: RHB Adolfo Feliz
|
0-0: Ball 1-0: Ball 2-0: Ball 3-0: Called Strike 3-1: Base on Balls
|
|
Batting: RHB Steve Balboni
|
0-0: Called Strike 0-1: Ball Adolfo Feliz is caught stealing 2nd base 2-4 1-1: Fly out, F4 (Popup, 34D)
|
|
Batting: SHB Kevin Jensen
|
0-0: Foul Ball, location: 2F 0-1: Ball 1-1: Ground out 4-3 (Groundball, 4)
|
| Bottom of the 4th over - 0 runs, 0 hits, 0 errors, 0 left on base; Niagara Falls 8 - Geneva 0 |
| TOP OF THE 5TH |
|
Niagara Falls Rapids batting - Pitching for Geneva Red Legs : RHP Thomas Bloemke
|
|
Batting: RHB Harold Drake
|
0-0: Ball 1-0: Swinging Strike 1-1: Ball 2-1: Ball 3-1: Called Strike 3-2: Foul Ball, location: 2F 3-2: Ground out 5-3 (Groundball, 56)
|
|
Batting: RHB Joseph Pocoroba
|
0-0: Called Strike 0-1: Foul Ball, location: 2F 0-2: Foul Ball, location: 2F 0-2: Ball 1-2: Ball 2-2: SINGLE (Line Drive, 9S)
|
|
Batting: LHB August Juricic
|
0-0: Called Strike 0-1: Ball 1-1: Foul Ball, location: 2F 1-2: Foul Ball, location: 2F 1-2: Foul Ball, location: 2F 1-2: SINGLE (Groundball, 34D) Joseph Pocoroba to second Runner from 2nd tries for 3rd, SAFE, no throw by RF
|
|
Pitching: RHP Gary Witter
|
|
|
Batting: SHB Robert Adams
|
0-0: Ball 1-0: Swinging Strike 1-1: Ball Wild Pitch! Joseph Pocoroba scores August Juricic to second 2-1: Called Strike 2-2: Strikes out swinging
|
|
Batting: LHB Luis Robles
|
0-0: Foul Ball, location: 2F 0-1: Foul Ball, location: 2F 0-2: Foul Ball, location: 2F 0-2: Foul Ball, location: 2F 0-2: Ball 1-2: Fly out, F9 (Flyball, 89D)
|
| Top of the 5th over - 1 run, 2 hits, 0 errors, 1 left on base; Niagara Falls 9 - Geneva 0 |
| BOTTOM OF THE 5TH |
|
Geneva Red Legs batting - Pitching for Niagara Falls Rapids : RHP Jose Rodriguez
|
|
Batting: RHB Sean O'Leary
|
0-0: Ball 1-0: Foul Ball, location: 2F 1-1: Fly out, F8 (Line Drive, 8RM)
|
|
Batting: RHB Allen Leech
|
0-0: SINGLE (Groundball, 56D)
|
|
Batting: RHB Harold Crisp
|
0-0: Called Strike 0-1: Ball 1-1: Grounds into double play, 4-6-3 (Groundball, 4)
|
| Bottom of the 5th over - 0 runs, 1 hit, 0 errors, 0 left on base; Niagara Falls 9 - Geneva 0 |
| TOP OF THE 6TH |
|
Niagara Falls Rapids batting - Pitching for Geneva Red Legs : RHP Gary Witter
|
|
Batting: RHB David Daniels
|
0-0: Ball 1-0: Ball 2-0: Ball 3-0: Base on Balls
|
|
Batting: RHB Junior Ortiz
|
0-0: Called Strike 0-1: Fly out, F7 (Line Drive, 7)
|
|
Batting: RHB Gary Skow
|
0-0: Ball 1-0: Ball David Daniels is caught stealing 2nd base 2-4 2-0: Foul Ball, location: 2F 2-1: Swinging Strike 2-2: Ball 3-2: Strikes out looking
|
| Top of the 6th over - 0 runs, 0 hits, 0 errors, 0 left on base; Niagara Falls 9 - Geneva 0 |
| BOTTOM OF THE 6TH |
|
Geneva Red Legs batting - Pitching for Niagara Falls Rapids : RHP Jose Rodriguez
|
|
Batting: RHB Richard Meltz
|
0-0: DOUBLE (Flyball, 78D)
|
|
Batting: RHB Raymond Bresnahan
|
0-0: Called Strike 0-1: Ball 1-1: Ground out 3-1 (Groundball, 34) Richard Meltz to third
|
|
Batting: RHB Jose Bernhardt
|
0-0: Ground out 6-3 (Groundball, 6) Richard Meltz scores
|
|
Batting: RHB Adolfo Feliz
|
0-0: Swinging Strike 0-1: Ball 1-1: Ball 2-1: Ball 3-1: Base on Balls
|
|
Batting: RHB Steve Balboni
|
0-0: Ball Adolfo Feliz is caught stealing 2nd base 2-4
|
| Bottom of the 6th over - 1 run, 1 hit, 0 errors, 0 left on base; Niagara Falls 9 - Geneva 1 |
| TOP OF THE 7TH |
|
Niagara Falls Rapids batting - Pitching for Geneva Red Legs : RHP Gary Witter
|
|
Pinch Hitting: RHB Victor Almengor
|
0-0: Ball 1-0: Foul Ball, location: 2F 1-1: Ball 2-1: Called Strike 2-2: Ball 3-2: Foul Ball, location: 2F 3-2: Base on Balls
|
|
Batting: RHB Harold Drake
|
0-0: Ball 1-0: Ball 2-0: Called Strike 2-1: DOUBLE (Flyball, 89XD) Victor Almengor to third
|
|
Batting: RHB Joseph Pocoroba
|
0-0: Foul Ball, location: 2F 0-1: Ball 1-1: Fly out, F9 (Line Drive, 9D) Runner from 3rd tags up, SCORES, no throw by RF Harold Drake to third
|
|
Pitching: RHP Christopher Czarka
|
|
|
Batting: LHB August Juricic
|
0-0: Ground out 6-3 (Groundball, 6S) Harold Drake scores
|
|
Batting: SHB Robert Adams
|
0-0: Called Strike 0-1: Foul Ball, location: 2F 0-2: Strikes out swinging
|
| Top of the 7th over - 2 runs, 1 hit, 0 errors, 0 left on base; Niagara Falls 11 - Geneva 1 |
| BOTTOM OF THE 7TH |
|
Geneva Red Legs batting - Pitching for Niagara Falls Rapids : RHP Jose Rodriguez
|
|
Now at 1B: Roger Payne
|
|
|
Pinch Hitting: LHB Ronnie Reasonover
|
0-0: Called Strike 0-1: Ball 1-1: Ball 2-1: Swinging Strike 2-2: Ground out 5-3 (Groundball, 56S)
|
|
Batting: SHB Kevin Jensen
|
0-0: DOUBLE (Line Drive, 7LM)
|
|
Batting: RHB Sean O'Leary
|
0-0: Ball 1-0: Called Strike 1-1: Called Strike 1-2: Fly out, F9 (Flyball, 9S)
|
|
Batting: RHB Allen Leech
|
0-0: Ball 1-0: Ball 2-0: 2-RUN HOME RUN (Flyball, 7LD), Distance : 329 ft
|
|
Batting: RHB Harold Crisp
|
0-0: Ball 1-0: Ball 2-0: Ball 3-0: Called Strike 3-1: DOUBLE (Line Drive, 9LM)
|
|
Batting: RHB Richard Meltz
|
0-0: DOUBLE (Line Drive, 7LM) Harold Crisp scores
|
|
Batting: RHB Raymond Bresnahan
|
0-0: Ground out 6-3 (Groundball, 6)
|
| Bottom of the 7th over - 3 runs, 4 hits, 0 errors, 1 left on base; Niagara Falls 11 - Geneva 4 |
| TOP OF THE 8TH |
|
Niagara Falls Rapids batting - Pitching for Geneva Red Legs : RHP Christopher Czarka
|
|
Now at 1B: Mark Erickson
|
|
|
Batting: LHB Luis Robles
|
0-0: Fly out, F4 (Flyball, 34D)
|
|
Pinch Hitting: LHB Charles Brown
|
0-0: Ball 1-0: Foul Ball, location: 2F 1-1: Ball 2-1: Fly out, F8 (Flyball, 8RS)
|
|
Batting: RHB Junior Ortiz
|
0-0: Ground out 5-3 (Groundball, 56)
|
| Top of the 8th over - 0 runs, 0 hits, 0 errors, 0 left on base; Niagara Falls 11 - Geneva 4 |
| BOTTOM OF THE 8TH |
|
Geneva Red Legs batting - Pitching for Niagara Falls Rapids : RHP Jose Rodriguez
|
|
Now in LF: Charles Brown
|
|
|
Batting: RHB Jose Bernhardt
|
0-0: Ball 1-0: Fly out, F8 (Flyball, 8RD)
|
|
Batting: RHB Adolfo Feliz
|
0-0: Foul Ball, location: 2F 0-1: Foul Ball, location: 2F 0-2: Ball 1-2: Ball 2-2: SINGLE (Line Drive, 89S)
|
|
Pitching: RHP Timothy Justus
|
|
|
Batting: LHB Mark Erickson
|
0-0: Ball 1-0: Ball 2-0: Called Strike 2-1: Swinging Strike 2-2: Fielders Choice at 2nd, 4-6 (Groundball, 34)
|
|
Batting: SHB Kevin Jensen
|
0-0: Ball 1-0: Called Strike 1-1: Fly out, F8 (Line Drive, 8RD)
|
| Bottom of the 8th over - 0 runs, 1 hit, 0 errors, 1 left on base; Niagara Falls 11 - Geneva 4 |
| TOP OF THE 9TH |
|
Niagara Falls Rapids batting - Pitching for Geneva Red Legs : RHP Christopher Czarka
|
|
Batting: RHB Gary Skow
|
0-0: Ball 1-0: Foul Ball, location: 2F 1-1: Ball 2-1: Swinging Strike 2-2: Strikes out swinging
|
|
Batting: RHB Roger Payne
|
0-0: Foul Ball, location: 2F 0-1: Ball 1-1: Ball 2-1: SINGLE (Line Drive, 6D)
|
|
Batting: RHB Harold Drake
|
0-0: Ball 1-0: Called Strike 1-1: Ball 2-1: Foul Ball, location: 2F 2-2: Foul Ball, location: 2F 2-2: Foul Ball, location: 2F 2-2: Strikes out swinging
|
|
Batting: RHB Joseph Pocoroba
|
0-0: Ball 1-0: Ball 2-0: Ball 3-0: Base on Balls Roger Payne to second
|
|
Batting: LHB August Juricic
|
0-0: Ball 1-0: Ball 2-0: Ball 3-0: Called Strike 3-1: Fly out, F7 (Line Drive, 7)
|
| Top of the 9th over - 0 runs, 1 hit, 0 errors, 2 left on base; Niagara Falls 11 - Geneva 4 |
| BOTTOM OF THE 9TH |
|
Geneva Red Legs batting - Pitching for Niagara Falls Rapids : RHP Timothy Justus
|
|
Batting: RHB Sean O'Leary
|
0-0: Called Strike 0-1: DOUBLE (Line Drive, 9LD)
|
|
Batting: RHB Allen Leech
|
0-0: Ball 1-0: Called Strike 1-1: Called Strike 1-2: Ball 2-2: Strikes out looking
|
|
Batting: RHB Harold Crisp
|
0-0: Foul Ball, location: 2F 0-1: Ball 1-1: Ball 2-1: Ball 3-1: Base on Balls
|
|
Batting: RHB Richard Meltz
|
0-0: Called Strike 0-1: Foul Ball, location: 2F 0-2: Ball 1-2: Ball 2-2: Ball 3-2: Foul Ball, location: 2F 3-2: Strikes out swinging
|
|
Batting: RHB Raymond Bresnahan
|
0-0: Ball 1-0: Ball 2-0: Ball 3-0: Called Strike 3-1: Called Strike 3-2: Strikes out swinging
|
| Bottom of the 9th over - 0 runs, 1 hit, 0 errors, 2 left on base; Niagara Falls 11 - Geneva 4 |
|